 Dungeon Crawl Stone Soup version 0.26.0-3-g156281e41b (webtiles) character file.

Game seed: 13471413738856991402

16869 subsume the Cardsharp (level 12, 0/84 HPs)
             Began as a Demonspawn Venom Mage on Jan 4, 2021.
             Was a High Priest of Nemelex Xobeh.
             Slain by an eight-headed hydra (13 damage)
             ... on level 2 of the Lair of Beasts on Jan 10, 2021.
             The game lasted 02:49:36 (11260 turns).

subsume the Cardsharp (Demonspawn Venom Mage)      Turns: 11260, Time: 02:49:39

Health: 0/84       AC:  8    Str: 18    XL:     12   Next: 13%
Magic:  12/22      EV: 18    Int: 18    God:    Nemelex Xobeh [*****.]
Gold:   677        SH:  0    Dex: 16    Spells: 16/25 levels left

rFire    . . .     SeeInvis .   H - +2 broad axe (drain)
rCold    . . .     Faith    .   (no shield)
rNeg     + + .     Spirit   .   u - +2 leather armour "Noss" {rPois Will+ Str+5 Stlth+}
rPois    +         Reflect  .   (helmet restricted)
rElec    .         Harm     .   V - +1 cloak of Exceptional Knowledge {rN++ Dex+3}
rCorr    .         Rampage  .   (no gloves)
Will     +....                  Q - +0 pair of boots
Stlth    ++++......             (no amulet)
HPRegen  0.24/turn              y - ring of wizardry
MPRegen  0.18/turn              t - +4 ring of evasion

@: no status effects
A: antennae 2, claws 2, talons 1, spiny 1
a: Renounce Religion, Draw Escape, Draw Destruction, Draw Summoning, Triple
Draw, Deal Four, Stack Five


You were on level 2 of the Lair of Beasts.
You worshipped Nemelex Xobeh.
Nemelex Xobeh was extremely pleased with you.
You visited 3 branches of the dungeon, and saw 13 of its levels.
You also visited: Ossuary.

You collected 677 gold pieces.

Inventory:

Hand Weapons
 e - a +0 flail of draining
 m - a +4 quarterstaff of chaos
 H - a +2 broad axe of draining (weapon)
Missiles
 s - 8 boomerangs
Armour
 u - the +2 leather armour "Noss" (worn) {rPois Will+ Str+5 Stlth+}
   (You found it on level 4 of the Dungeon)

   It affects your strength (+5).
   It protects you from poison.
   It affects your willpower, your defense against some magical effects.
   It makes you more stealthy.
 G - a scarf of harm
 I - +0 acid dragon scales
 Q - a +0 pair of boots (worn)
 V - the +1 cloak of Exceptional Knowledge (worn) {rN++ Dex+3}
   (You found it on level 8 of the Dungeon)

   It affects your dexterity (+3).
   It greatly protects you from negative energy.
 W - a +0 troll leather armour
Magical Staves
 P - an uncursed staff of poison {unknown}
Jewellery
 d - a +6 ring of dexterity
 f - an uncursed ring of fire
 j - a +6 ring of dexterity
 t - a +4 ring of evasion (right claw)
 y - a ring of wizardry (left claw)
 R - an uncursed ring of wizardry
 U - a +6 ring of dexterity
 X - an uncursed ring of wizardry
 Y - a cursed ring of attention {unknown}
Wands
 k - a wand of digging (5)
 l - a wand of flame (18)
 n - a wand of iceblast (7)
 A - a wand of polymorph (18)
 D - a wand of random effects (42)
 J - a wand of enslavement (10)
 O - a wand of disintegration (11)
 T - a wand of paralysis (7)
Scrolls
 b - 10 scrolls of teleportation
 c - 4 scrolls of remove curse
 h - 2 scrolls of immolation
 o - 2 scrolls of fear
 p - 2 scrolls of blinking
 r - 3 scrolls of enchant armour
 v - 3 scrolls of amnesia
 w - 4 scrolls of enchant weapon
 B - 4 scrolls of magic mapping {unknown}
 C - a scroll of fog {unknown}
 Z - a scroll of silence {unknown}
Potions
 a - a potion of invisibility {unknown}
 g - 4 potions of attraction
 i - 2 potions of resistance
 q - 2 potions of flight
 x - 3 potions of berserk rage
 z - a potion of haste
 E - 3 potions of lignification
 F - 2 potions of might
 K - 2 potions of curing
 L - 3 potions of mutation
 M - a potion of magic
 N - a potion of ambrosia
 S - a potion of brilliance {unknown}


   Skills:
 + Level 4.6 Fighting
 + Level 6.9(7.4) Axes
 + Level 4.1(6.6) Maces & Flails
 + Level 3.9(4.8) Staves
 + Level 4.0 Armour
 + Level 4.1 Dodging
 + Level 5.7 Stealth
 + Level 0.3 Unarmed Combat
 + Level 7.1 Spellcasting
 + Level 3.6 Transmutations
 + Level 1.7 Fire Magic
 + Level 4.8 Air Magic
 + Level 7.5 Poison Magic
 * Level 9.7 Invocations


You had 16 spell levels left.
You knew the following spells:

 Your Spells              Type           Power        Failure   Level
a - Sting                 Tmut/Pois      100%         1%          1
b - Poisonous Vapours     Pois/Air       56%          1%          2
c - Ignite Poison         Fire/Tmut/Pois 22%          2%          3
d - Mephitic Cloud        Conj/Pois/Air  21%          2%          3

Your spell library contained the following spells:

 Spells                   Type           Power        Failure   Level
 Olgreb's Toxic Radiance  Pois           33%          2%          4
 Animate Skeleton         Necr           12%          5%          1
 Apportation              Tloc           12%          5%          1
 Corona                   Hex            6%           5%          1
 Summon Small Mammal      Summ           24%          5%          1


Dungeon Overview and Level Annotations

Branches:
Dungeon (10/15)            Temple (1/1) D:4            Lair (2/6) D:10
    Orc (0/2) D:10        Ossuary (visited)
  Swamp: Lair:2-4    Shoals: Lair:2-4     Snake: Lair:2-4    Spider: Lair:2-4

Altars:
Ashenzari
Cheibriados
Dithmenos
Elyvilon
Fedhas
Gozag
Hepliaklqana
Kikubaaqudgha
Makhleb
Nemelex Xobeh
Okawaru
Qazlal
Ru
Sif Muna
Trog
Uskayaw
Vehumet
Wu Jian
Xom
Yredelemnul
Zin
The Shining One

Shops:
D:10 (


Innate Abilities, Weirdness & Mutations

You have a pair of antennae on your head.
You have very sharp fingernails.
You have sharp toenails.
You are partially covered in sharp spines.


Message History

You hit the komodo dragon.
The eight-headed hydra is struck by your spines.
The eight-headed hydra closely misses you.
The eight-headed hydra bites you but does no damage.
The eight-headed hydra bites you!
The eight-headed hydra bites you but does no damage.
The eight-headed hydra closely misses you. x2
The eight-headed hydra bites you! x2
Your yaktaur hits the eight-headed hydra!!
Your yaktaur hits the eight-headed hydra.
The eight-headed hydra bites you but does no damage.
The eight-headed hydra barely misses you.
The eight-headed hydra bites you. The eight-headed hydra bites you!
* * * LOW HITPOINT WARNING * * *
The eight-headed hydra bites you!
* * * LOW HITPOINT WARNING * * *
The eight-headed hydra bites you but does no damage.
The eight-headed hydra bites you!
You die...
Your body glows with a rainbow of weird colours and disappears.

... ......# .. ......#
#.. #. { .....# ##.##.#
..... #....# ## #..###
##..####.####.†..###
###.....###....l.....##
##.#^#..#..P.....Dc....#
#........#.....c@.c...##
.........#............P#
............>.........##
#........P##..........#
#.........##...........#
#........###..........##
....###.## #..........#
#.... ### ...........#
##..## #...........


You could see an eight-headed hydra, a komodo dragon (confused) and 3 friendly
yaktaurs.

Vanquished Creatures
  Fannar (Lair:1)
  2 hydras (Lair:1)
  A two-headed ogre (D:9)
  3 elephants (Lair:2)
  3 cane toads
  Maggie (D:6)
  A rime drake (Lair:1)
  6 komodo dragons
  3 trolls
  Prince Ribbit (D:9)
  A blink frog (Lair:1)
  A wyvern (D:10)
  13 yaks
  Grum (D:9)
  5 water moccasins
  4 orc warriors
  Duvessa (D:7)
  A black bear (D:7)
  2 ice beasts
  3 phantoms (D:10)
  5 sky beasts
  2 ogres
  7 wolves
  3 centaurs
  12 bullfrogs
  A wyvern zombie (D:10)
  Dowan (D:7)
  2 scorpions
  2 troll zombies
  A killer bee (D:8)
  15 wights
  4 electric eels (D:10)
  4 centaur zombies
  A bullfrog zombie (D:8)
  A quasit (D:9)
  Crazy Yiuf (D:2)
  A bullfrog skeleton (D:10)
  2 centaur skeletons
  9 hounds
  6 orc priests
  3 iguanas
  2 orc wizards (D:9)
  13 worker ants
  7 ogre zombies
  A big kobold zombie (Ossuary)
  A hound zombie (D:9)
  A hound skeleton (D:4)
  3 worker ant zombies
  7 mummies (Ossuary)
  13 adders
  4 gnolls (D:9)
  A shadow imp (D:8)
  5 white imps
  2 ufetubi
  An ooze (D:5)
  An adder skeleton (D:9)
  5 adder zombies
  2 worms
  2 dart slugs
  3 leopard geckos
  55 orcs
  5 bat zombies (D:9)
  7 giant cockroaches
  A gnoll zombie (Ossuary)
  4 goblins
  8 hobgoblins
  19 jackals
  6 quokkas
  2 ball pythons (D:1)
  7 bats
  5 frilled lizards
  A giant cockroach zombie (D:6)
  4 goblin zombies
  2 hobgoblin skeletons (D:10)
  8 hobgoblin zombies
  2 jackal skeletons
  14 kobolds
  4 kobold zombies (Ossuary)
  4 orc skeletons (D:10)
  9 orc zombies (D:10)
  5 quokka zombies (Ossuary)
  8 rats
  2 rat zombies (Ossuary)
393 creatures vanquished.

Vanquished Creatures (collateral kills)
  4 yaks
  A steam dragon (D:8)
  3 wights (D:8)
  A hound (D:8)
  A hound skeleton (D:8)
  A shadow imp (D:8)
  A white imp (D:8)
12 creatures vanquished.

Vanquished Creatures (others)
  13 fungi
  9 plants
22 creatures vanquished.

Grand Total: 427 creatures vanquished

Notes
Turn   | Place    | Note
-------+----------+-------------------------------------------
     0 | D:1      | subsume the Demonspawn Venom Mage began the quest for the
                  | Orb.
     0 | D:1      | Reached XP level 1. HP: 13/13 MP: 3/3
   213 | D:1      | Reached skill level 1 in Transmutations
   213 | D:1      | Gained mutation: You are partially covered in sharp spines.
                  | [demonic ancestry]
   213 | D:1      | Reached XP level 2. HP: 10/19 MP: 0/5
   619 | D:1      | Learned a level 2 spell: Poisonous Vapours
   777 | D:1      | Gained mutation: You have sharp fingernails. [demonic
                  | ancestry]
   777 | D:1      | Reached XP level 3. HP: 24/24 MP: 1/6
  1432 | D:2      | Reached XP level 4. HP: 26/30 MP: 1/7
  1457 | D:2      | Found a runed translucent door.
  1458 | D:2      | Noticed Crazy Yiuf
  1505 | D:2      | Killed Crazy Yiuf
  1580 | D:2      | Found a broken altar of Ashenzari.
  1922 | D:3      | Gained mutation: You have a pair of small antennae on your
                  | head. [demonic ancestry]
  1922 | D:3      | Reached XP level 5. HP: 22/35 MP: 7/9
  1967 | D:3      | Found a sparkling altar of Nemelex Xobeh.
  1973 | D:3      | Became a worshipper of Nemelex Xobeh the Trickster
  2097 | D:3      | Reached skill level 1 in Air Magic
  2394 | D:3      | Found a bloodstained altar of Trog.
  2439 | D:3      | Reached skill level 1 in Staves
  2647 | D:3      | Upgraded the game from 0.26-b1-25-gafae2e710b to
                  | 0.26-b1-59-ge38874ec40
  2671 | D:4      | Got a smelly leather armour
  2682 | D:4      | Identified the +2 leather armour "Noss" {rPois Will+ Str+5
                  | Stlth+} (You found it on level 4 of the Dungeon)
  2714 | D:4      | Gained mutation: You have very sharp fingernails. [demonic
                  | ancestry]
  2714 | D:4      | Reached XP level 6. HP: 41/41 MP: 5/10
  2773 | D:4      | Reached * piety under Nemelex Xobeh
  2824 | D:4      | Received a gift from Nemelex Xobeh
  2912 | D:4      | Learned a level 3 spell: Ignite Poison
  2915 | D:4      | Found a sand-covered staircase.
  2924 | Ossuary  | Entered an ossuary
  3185 | Ossuary  | Reached XP level 7. HP: 38/47 MP: 12/12
  3197 | Ossuary  | Reached skill level 1 in Fighting
  3668 | D:4      | Learned a level 3 spell: Mephitic Cloud
  3673 | D:4      | Found a staircase to the Ecumenical Temple.
  3708 | Temple   | Entered the Ecumenical Temple
  3991 | D:5      | Entered Level 5 of the Dungeon
  3999 | D:5      | Reached skill level 5 in Poison Magic
  4062 | D:5      | Reached ** piety under Nemelex Xobeh
  4123 | D:5      | Reached skill level 1 in Armour
  4145 | D:5      | Reached skill level 1 in Maces & Flails
  4311 | D:5      | Received a gift from Nemelex Xobeh
  4505 | D:6      | Reached XP level 8. HP: 55/55 MP: 9/13
  4510 | D:6      | Found a stormy altar of Qazlal.
  4857 | D:6      | Noticed Maggie
  4865 | D:6      | Killed Maggie
  4994 | D:6      | Found a shimmering altar of Xom.
  5013 | D:6      | Found a blossoming altar of Fedhas.
  5124 | D:7      | Reached XP level 9. HP: 27/59 MP: 13/15
  5371 | D:7      | Reached skill level 1 in Axes
  5434 | D:7      | Noticed Dowan
  5435 | D:7      | Noticed Duvessa
  5438 | D:7      | Killed Dowan
  5439 | D:7      | Reached skill level 1 in Invocations
  5443 | D:7      | HP: 3/61 [Duvessa/+4 short sword of freezing (7)]
  5443 | D:7      | HP: 1/61 [Duvessa/+4 short sword of freezing (2)]
  5444 | D:7      | Killed Duvessa
  5505 | D:7      | Reached *** piety under Nemelex Xobeh
  5549 | D:7      | Reached skill level 5 in Spellcasting
  5688 | D:7      | Reached skill level 2 in Invocations
  5697 | D:7      | Found an ornate altar of the Wu Jian Council.
  5922 | D:7      | Reached skill level 3 in Invocations
  6104 | D:8      | Received a gift from Nemelex Xobeh
  6184 | D:8      | Found a hazy altar of Hepliaklqana.
  6526 | D:8      | Got an ichor-stained cloak
  6537 | D:8      | Identified the +1 cloak of Exceptional Knowledge {rN++
                  | Dex+3} (You found it on level 8 of the Dungeon)
  6552 | D:8      | Reached skill level 4 in Invocations
  6823 | D:8      | Found a shadowy altar of Dithmenos.
  7106 | D:9      | Gained mutation: You have sharp toenails. [demonic
                  | ancestry]
  7106 | D:9      | Reached XP level 10. HP: 67/70 MP: 17/17
  7110 | D:9      | Reached skill level 5 in Invocations
  7601 | D:9      | Reached **** piety under Nemelex Xobeh
  7841 | D:9      | Noticed a two-headed ogre
  7843 | D:9      | Noticed Prince Ribbit
  7852 | D:9      | Killed a two-headed ogre
  7853 | D:9      | Reached skill level 6 in Invocations
  7855 | D:9      | Killed Prince Ribbit
  7856 | D:9      | Reached skill level 5 in Stealth
  7886 | D:9      | Found an ancient bone altar of Kikubaaqudgha.
  7941 | D:9      | Noticed Grum
  7957 | D:9      | Killed Grum
  7958 | D:9      | Reached skill level 1 in Fire Magic
  8105 | D:10     | Entered Level 10 of the Dungeon
  8105 | D:10     | Received a gift from Nemelex Xobeh
  8136 | D:10     | Reached skill level 5 in Axes
  8265 | D:10     | Found a staircase to the Orcish Mines.
  8333 | D:10     | Reached skill level 7 in Invocations
  8812 | D:10     | Found Purafy's Antique Weapon Shoppe.
  8921 | D:10     | Found a staircase to the Lair.
  8931 | D:10     | Gained mutation: You have a pair of antennae on your head.
                  | [demonic ancestry]
  8931 | D:10     | Reached XP level 11. HP: 41/76 MP: 14/19
  9149 | D:10     | Received a gift from Nemelex Xobeh
  9257 | D:10     | Found a shimmering blue altar of Sif Muna.
  9585 | Lair:1   | Entered Level 1 of the Lair of Beasts
  9599 | Lair:1   | Noticed Joseph
  9608 | Lair:1   | Noticed Joseph
  9608 | Lair:1   | Joseph changed into Joseph the blink frog
  9613 | Lair:1   | Killed Joseph the blink frog
  9617 | Lair:1   | Reached ***** piety under Nemelex Xobeh
  9793 | Lair:1   | Received a gift from Nemelex Xobeh
 10442 | Lair:1   | Received a gift from Nemelex Xobeh
 10446 | Lair:1   | Noticed a seven-headed hydra
 10460 | Lair:1   | Killed a seven-headed hydra
 10461 | Lair:1   | Reached skill level 8 in Invocations
 10476 | Lair:1   | Noticed a seven-headed hydra
 10490 | Lair:1   | Killed a seven-headed hydra
 10612 | Lair:1   | Noticed Fannar
 10639 | Lair:1   | Killed Fannar
 10762 | Lair:1   | Upgraded the game from 0.26-b1-59-ge38874ec40 to
                  | 0.26.0-3-g156281e41b
 10804 | Lair:2   | Received a gift from Nemelex Xobeh
 10865 | Lair:2   | Reached skill level 9 in Invocations
 11136 | Lair:2   | Reached XP level 12. HP: 69/84 MP: 13/22
 11229 | Lair:2   | Received a gift from Nemelex Xobeh
 11251 | Lair:2   | Noticed an eight-headed hydra
 11260 | Lair:2   | Slain by an eight-headed hydra

Illustrated notes

Levels and vault maps discovered:
D:1:      sevenhm_arrival_forest_fort_large_4, layout_basic
D:2:      layout_basic, ashenzari_altar_1, hangedman_decor_clover_reticule,
          uniq_crazy_yiuf_cottage
D:3:      lemuel_upstairs_altar, layout_loops_cross, lightli_temple_of_fire,
          nemelex_xobeh_ov_fountains_minmay
D:4:      layout_basic, minmay_temple_entry_statues_pillars,
          nicolae_ossuary_entry_ruins
D:5:      layout_loops_cross, serial_glass, glass_columns_a, glass_columns_c,
          feat_on_display, item_on_display_a, item_on_display_a,
          minmay_strange_pillars
D:6:      layout_basic, overflow_temple_1_default, fedhas_altar_4,
          xom_teletrap_fun, uniq_maggie
D:7:      layout_basic, nzn_wu_jian_council_hall, uniq_duvessa
D:8:      layout_rooms, lemuel_doored_altar, serial_aquarium,
          aquarium_bridge_long_separate [aquarium_subvault_wall,
          aquarium_subvault_bridge, aquarium_subvault_bridge,
          aquarium_subvault_window, aquarium_subvault_bridge,
          aquarium_subvault_window], aquarium_bridge_straight
          [aquarium_subvault_bridge, aquarium_subvault_wall,
          aquarium_subvault_bridge, aquarium_subvault_wall],
          aquarium_window_fake, aquarium_window_corridor_3,
          aquarium_window_fake, aquarium_view_2f, aquarium_view_2e,
          aquarium_balcony_3a, basic_altar, nicolae_water_bricks,
          minmay_circle_x
D:9:      layout_roguey, lemuel_zombie_altar_kikubaaqudgha, uniq_grum,
          uniq_prince_ribbit1
D:10:     layout_loops_corners, erik_lair_island, zombieorc1_lemuel,
          serial_shops, shop, basic_altar
Temple:   dshaligram_water_room_temple
Lair:1:   layout_regular_city, minmay_holes, hangedman_lair_unloving_vines,
          uniq_joseph, uniq_fannar
Lair:2:   layout_roguey, beast_lair_carwin_2, grunt_megastairs_5

Skill      XL: |  1  2  3  4  5  6  7  8  9 10 11 |
---------------+----------------------------------+-----
Transmutations | 1 2 3 |  3.6
Poison Magic   | 4 5 6 7 |  7.5
Spellcasting   | 3 4 5 7 |  7.1
Air Magic      | 1 2 3 4 |  4.8
Dodging        | 2 3 4 |  4.1
Staves         | 1 2 3 |  3.9
Stealth        | 2 3 4 5 |  5.7
Fighting       | 1 2 3 4 |  4.6
Armour         | 1 3 4 |  4.0
Maces & Flails | 1 4 |  4.1
Axes           | 3 5 6 |  6.9
Invocations    | 4 7 9 |  9.7
Fire Magic     | 1 |  1.7
Unarmed Combat | |  0.3

Action                   |  1- 3 |  4- 6 |  7- 9 | 10-12 || total
-------------------------+-------+-------+-------+-------++-------
Melee: Unarmed           |    12 |     3 |       |       ||    15
       Quarterstaff      |       |   109 |    44 |       ||   153
       Flail             |       |       |    62 |       ||    62
       Broad axe         |       |       |   123 |   242 ||   365
 Cast: Sting             |    50 |    13 |    15 |    17 ||    95
       Poisonous Vapours |    11 |    36 |    34 |    71 ||   152
       Ignite Poison     |       |       |     6 |    24 ||    30
       Mephitic Cloud    |       |       |       |     3 ||     3
Invok: Draw Destruction  |       |     1 |     6 |    10 ||    17
       Draw Summoning    |       |       |     5 |     3 ||     8
       Deal Four         |       |       |       |     1 ||     1
  Use: Scroll            |       |     3 |    15 |     7 ||    25
       Potion            |       |     2 |     2 |       ||     4
 Stab: Sleeping          |       |    21 |    13 |    11 ||    45
       Distracted        |       |       |       |     1 ||     1
Armor: Robe              |     6 |     4 |       |       ||    10
       Leather armour    |       |    10 |    51 |    64 ||   125
Dodge: Dodged            |    23 |    76 |   215 |   231 ||   545
